| TOP OF THE 1ST |
|
El Paso Chihuahuas batting - Pitching for Amarillo Gold Sox : RHP Stew Cliburn
|
|
Pitching: RHP Stew Cliburn
|
|
|
Batting: LHB Andy Van Slyke
|
0-0: Ball 1-0: Fly out, F9 (Flyball, 9LD, EV 96.9 MPH)
|
|
Batting: RHB Steven Murray
|
0-0: Called Strike 0-1: Called Strike 0-2: Ball 1-2: Ball 2-2: Ball 3-2: Strikes out swinging
|
|
Batting: RHB Jesse Vann
|
0-0: Called Strike 0-1: Foul Ball, location: 2F 0-2: Fly out, F7 (Flyball, 78S, EV 88.8 MPH)
|
| Top of the 1st over - 0 runs, 0 hits, 0 errors, 0 left on base; El Paso 0 - Amarillo 0 |
| BOTTOM OF THE 1ST |
|
Amarillo Gold Sox batting - Pitching for El Paso Chihuahuas : RHP Tom Smith
|
|
Pitching: RHP Tom Smith
|
|
|
Batting: SHB Mike Felder
|
0-0: Ball 1-0: SINGLE (Line Drive, 8RS, EV 105.6 MPH)
|
|
Batting: LHB Hector Arroyo
|
0-0: Ball Mike Felder is caught stealing 2nd base 2-6 1-0: Foul Ball, location: 2F 1-1: Ball 2-1: Ball 3-1: Base on Balls
|
|
Batting: SHB Al Newman
|
0-0: Ball 1-0: Ball 2-0: Ball 3-0: Base on Balls Hector Arroyo to second
|
|
Batting: RHB Bill Pecota
|
0-0: Foul Ball, location: 2F 0-1: Ball 1-1: Grounds into double play, 4-6-3 (Groundball, 4, EV 83.1 MPH)
|
| Bottom of the 1st over - 0 runs, 1 hit, 0 errors, 1 left on base; El Paso 0 - Amarillo 0 |
| TOP OF THE 2ND |
|
El Paso Chihuahuas batting - Pitching for Amarillo Gold Sox : RHP Stew Cliburn
|
|
Batting: SHB Donnie Hill
|
0-0: Called Strike 0-1: Ball 1-1: Ball 2-1: Called Strike 2-2: Foul Ball, location: 2F 2-2: Foul Ball, location: 2F 2-2: Ball 3-2: Base on Balls
|
|
Batting: LHB Dan Murphy
|
0-0: Called Strike 0-1: Foul Ball, location: 2F 0-2: Ball 1-2: 2-RUN HOME RUN (Flyball, 89XD, EV 108.1 MPH), Distance : 423 ft
|
|
Batting: RHB Tom Roarke
|
0-0: Ball 1-0: Called Strike 1-1: Swinging Strike 1-2: Strikes out swinging, 2-3 out at first.
|
|
Batting: RHB Leo George
|
0-0: Ball 1-0: Called Strike 1-1: Swinging Strike 1-2: Strikes out looking
|
|
Batting: RHB William Parmenter
|
0-0: Ball 1-0: Swinging Strike 1-1: Ball 2-1: Ball 3-1: SINGLE (Line Drive, 6MD, EV 95.0 MPH)
|
|
Batting: RHB Cliff Wherry
|
0-0: Ball 1-0: Ball 2-0: Called Strike 2-1: Foul Ball, location: 2F 2-2: Strikes out swinging passed ball, reaches first! William Parmenter to second
|
|
Batting: LHB Andy Van Slyke
|
0-0: Ball 1-0: Called Strike 1-1: Ball 2-1: SINGLE (Groundball, 5L, EV 97.5 MPH) William Parmenter to third Cliff Wherry to second Runner from 3rd tries for Home, throw by LF and OUT! 7-2
|
| Top of the 2nd over - 2 runs, 3 hits, 0 errors, 2 left on base; El Paso 2 - Amarillo 0 |
| BOTTOM OF THE 2ND |
|
Amarillo Gold Sox batting - Pitching for El Paso Chihuahuas : RHP Tom Smith
|
|
Batting: SHB Steve Jeltz
|
0-0: DOUBLE (Line Drive, 78D, EV 115.0 MPH)
|
|
Batting: LHB Derwin McNealy
|
0-0: Called Strike 0-1: Ball 1-1: Ball 2-1: Ball 3-1: Base on Balls
|
|
Pitching: RHP Alejandro Pena
|
|
|
Batting: RHB Chino Cadahia
|
0-0: 3-RUN HOME RUN (Flyball, 9D, EV 95.0 MPH), Distance : 358 ft
|
|
Batting: RHB Vic Alvarado
|
0-0: Ball 1-0: Swinging Strike 1-1: Called Strike 1-2: Ball 2-2: Strikes out swinging
|
|
Batting: RHB Todd Smith
|
0-0: Ground out 5-3 (Groundball, 56S, EV 83.8 MPH)
|
|
Batting: SHB Mike Felder
|
0-0: Fly out, F8 (Line Drive, 8LD, EV 101.3 MPH)
|
| Bottom of the 2nd over - 3 runs, 2 hits, 0 errors, 0 left on base; El Paso 2 - Amarillo 3 |
| TOP OF THE 3RD |
|
El Paso Chihuahuas batting - Pitching for Amarillo Gold Sox : RHP Stew Cliburn
|
|
Batting: RHB Steven Murray
|
0-0: Called Strike 0-1: Swinging Strike 0-2: Ball 1-2: Ball 2-2: Strikes out swinging
|
|
Batting: RHB Jesse Vann
|
0-0: Ball 1-0: Foul Ball, location: 2F 1-1: Ball 2-1: Foul Ball, location: 2F 2-2: Foul Ball, location: 2F 2-2: Foul Ball, location: 2F 2-2: Ball 3-2: DOUBLE (Line Drive, 9LM, EV 106.3 MPH)
|
|
Batting: SHB Donnie Hill
|
0-0: Called Strike 0-1: Called Strike 0-2: Ball 1-2: Ball 2-2: Fly out, F8 (Flyball, 8LD, EV 99.4 MPH)
|
|
Batting: LHB Dan Murphy
|
0-0: Called Strike 0-1: Ground out 6-3 (Groundball, 6, EV 85.6 MPH)
|
| Top of the 3rd over - 0 runs, 1 hit, 0 errors, 1 left on base; El Paso 2 - Amarillo 3 |
| BOTTOM OF THE 3RD |
|
Amarillo Gold Sox batting - Pitching for El Paso Chihuahuas : RHP Alejandro Pena
|
|
Batting: LHB Hector Arroyo
|
0-0: Ball 1-0: Called Strike 1-1: Ball 2-1: Ball 3-1: Called Strike 3-2: Foul Ball, location: 2F 3-2: Foul Ball, location: 2F 3-2: Base on Balls
|
|
Batting: SHB Al Newman
|
0-0: Called Strike 0-1: Ball 1-1: Foul Ball, location: 2F 1-2: Ball 2-2: Ball 3-2: Foul Ball, location: 2F 3-2: Base on Balls Hector Arroyo to second
|
|
Batting: RHB Bill Pecota
|
0-0: Foul Ball, location: 2F 0-1: Swinging Strike 0-2: Fielders Choice at 2nd, 1-4 (Groundball, 15S, EV 65.6 MPH) Hector Arroyo to third
|
|
Batting: SHB Steve Jeltz
|
0-0: Called Strike Bill Pecota steals 2nd base (no throw) 0-1: Foul Ball, location: 2F 0-2: Ball 1-2: Foul Ball, location: 2F 1-2: Ball 2-2: Foul Ball, location: 2F 2-2: Ball 3-2: Ground out 6-3 (Groundball, 6, EV 87.5 MPH) Hector Arroyo scores Bill Pecota to third
|
|
Batting: LHB Derwin McNealy
|
0-0: Called Strike 0-1: Ground out U3 (Groundball, 34S, EV 81.9 MPH)
|
| Bottom of the 3rd over - 1 run, 0 hits, 0 errors, 1 left on base; El Paso 2 - Amarillo 4 |
| TOP OF THE 4TH |
|
El Paso Chihuahuas batting - Pitching for Amarillo Gold Sox : RHP Stew Cliburn
|
|
Batting: RHB Tom Roarke
|
0-0: Fly out, F9 (Flyball, 9, EV 84.4 MPH)
|
|
Batting: RHB Leo George
|
0-0: Called Strike 0-1: Ball 1-1: Ball 2-1: Fly out, F8 (Flyball, 8RS, EV 81.3 MPH)
|
|
Batting: RHB William Parmenter
|
0-0: Called Strike 0-1: Swinging Strike 0-2: Ball 1-2: Ball 2-2: Ground out 6-3 (Groundball, 6, EV 83.8 MPH)
|
| Top of the 4th over - 0 runs, 0 hits, 0 errors, 0 left on base; El Paso 2 - Amarillo 4 |
| BOTTOM OF THE 4TH |
|
Amarillo Gold Sox batting - Pitching for El Paso Chihuahuas : RHP Alejandro Pena
|
|
Batting: RHB Chino Cadahia
|
0-0: Ball 1-0: Called Strike 1-1: Ball 2-1: Ball 3-1: Base on Balls
|
|
Batting: RHB Vic Alvarado
|
0-0: Ball 1-0: Called Strike 1-1: DOUBLE (Line Drive, 7LM, EV 99.4 MPH) Chino Cadahia to third Runner from 3rd tries for Home, SAFE, no throw by LF
|
|
Batting: RHB Todd Smith
|
0-0: Foul Ball, location: 2F 0-1: Ball 1-1: Fly out, F8 (Flyball, 8LXD, EV 84.4 MPH) Runner from 2nd tags up, SAFE at 3rd, no throw by CF
|
|
Batting: SHB Mike Felder
|
0-0: Foul Ball, location: 2F 0-1: Ball 1-1: Foul Ball, location: 2F 1-2: Fly out, F8 (Flyball, 8LD, EV 75.6 MPH) Runner from 3rd tags up, SCORES, throw by CF
|
|
Batting: LHB Hector Arroyo
|
0-0: Ball 1-0: Foul Ball, location: 2F 1-1: SINGLE (Groundball, 3D, EV 101.9 MPH)
|
|
Batting: SHB Al Newman
|
0-0: Ball 1-0: Ball 2-0: Ball 3-0: Called Strike 3-1: Foul Ball, location: 2F 3-2: Foul Ball, location: 2F 3-2: Foul Ball, location: 2F 3-2: Foul Ball, location: 2F 3-2: Base on Balls Hector Arroyo to second
|
|
Pitching: RHP Rick DeLoach
|
|
|
Batting: RHB Bill Pecota
|
0-0: Ball 1-0: Swinging Strike 1-1: Called Strike 1-2: SINGLE (Groundball, 56S, EV 65.0 MPH) (infield hit) Hector Arroyo to third Al Newman to second
|
|
Batting: SHB Steve Jeltz
|
0-0: Ball 1-0: SINGLE (Line Drive, 7S, EV 86.3 MPH) Hector Arroyo scores Al Newman to third Bill Pecota to second Runner from 3rd tries for Home, SAFE, throw by LF to home
|
|
Batting: LHB Derwin McNealy
|
0-0: Called Strike 0-1: Ball 1-1: Ball 2-1: Ball 3-1: Foul Ball, location: 2F 3-2: Base on Balls Bill Pecota to third Steve Jeltz to second
|
|
Batting: RHB Chino Cadahia
|
0-0: Ball 1-0: Called Strike 1-1: Foul Ball, location: 2F 1-2: Ball 2-2: Foul Ball, location: 2F 2-2: Foul Ball, location: 2F 2-2: Ball 3-2: Fly out, F9 (Flyball, 89XD, EV 110.0 MPH)
|
| Bottom of the 4th over - 4 runs, 4 hits, 0 errors, 3 left on base; El Paso 2 - Amarillo 8 |
| TOP OF THE 5TH |
|
El Paso Chihuahuas batting - Pitching for Amarillo Gold Sox : RHP Stew Cliburn
|
|
Batting: RHB Cliff Wherry
|
0-0: Ball 1-0: Ground out 6-3 (Groundball, 6, EV 104.4 MPH)
|
|
Batting: LHB Andy Van Slyke
|
0-0: Called Strike 0-1: Ball 1-1: SOLO HOME RUN (Flyball, 89XD, EV 96.3 MPH), Distance : 403 ft
|
|
Batting: RHB Steven Murray
|
0-0: Ball 1-0: Foul Ball, location: 2F 1-1: Foul Ball, location: 2F 1-2: Fly out, F4 (Popup, 34S, EV 88.1 MPH)
|
|
Batting: RHB Jesse Vann
|
0-0: Fly out, F9 (Flyball, 89D, EV 101.3 MPH)
|
| Top of the 5th over - 1 run, 1 hit, 0 errors, 0 left on base; El Paso 3 - Amarillo 8 |
| BOTTOM OF THE 5TH |
|
Amarillo Gold Sox batting - Pitching for El Paso Chihuahuas : RHP Rick DeLoach
|
|
Batting: RHB Vic Alvarado
|
0-0: Ball 1-0: Swinging Strike 1-1: Foul Ball, location: 2F 1-2: Fly out, F8 (Line Drive, 8LD, EV 109.4 MPH)
|
|
Batting: RHB Todd Smith
|
0-0: Ground out 4-3 (Groundball, 4, EV 102.5 MPH)
|
|
Batting: SHB Mike Felder
|
0-0: Ball 1-0: Ball 2-0: Ball 3-0: Foul Ball, location: 2F 3-1: SOLO HOME RUN (Flyball, 9D, EV 93.8 MPH), Distance : 373 ft
|
|
Batting: LHB Hector Arroyo
|
0-0: Ball 1-0: Called Strike 1-1: Fly out, F8 (Flyball, 89S, EV 90.0 MPH)
|
| Bottom of the 5th over - 1 run, 1 hit, 0 errors, 0 left on base; El Paso 3 - Amarillo 9 |
| TOP OF THE 6TH |
|
El Paso Chihuahuas batting - Pitching for Amarillo Gold Sox : RHP Stew Cliburn
|
|
Batting: SHB Donnie Hill
|
0-0: Foul Ball, location: 2F 0-1: Ball 1-1: Ball 2-1: Ground out 6-3 (Groundball, 6, EV 108.1 MPH)
|
|
Batting: LHB Dan Murphy
|
0-0: Foul Ball, location: 2F 0-1: Called Strike 0-2: Ground out 6-3 (Groundball, 6, EV 86.3 MPH)
|
|
Batting: RHB Tom Roarke
|
0-0: Ball 1-0: Called Strike 1-1: Swinging Strike 1-2: Foul Ball, location: 2F 1-2: SINGLE (Groundball, 4MD, EV 100.6 MPH)
|
|
Pitching: RHP Alec Christianson
|
|
|
Batting: RHB Leo George
|
0-0: Ball 1-0: Ball 2-0: Ball 3-0: Base on Balls Tom Roarke to second
|
|
Batting: RHB William Parmenter
|
0-0: Called Strike 0-1: Foul Ball, location: 2F 0-2: SINGLE (Groundball, 4MD, EV 100.0 MPH) (infield hit) Tom Roarke to third Leo George to second
|
|
Batting: RHB Cliff Wherry
|
0-0: Called Strike 0-1: Ball 1-1: SINGLE (Groundball, 6MD, EV 109.4 MPH) Tom Roarke scores Leo George to third William Parmenter to second Runner from 3rd tries for Home, SAFE, throw by CF to home
|
|
Batting: LHB Andy Van Slyke
|
0-0: Fly out, F7 (Flyball, 78S, EV 94.4 MPH)
|
| Top of the 6th over - 2 runs, 3 hits, 0 errors, 2 left on base; El Paso 5 - Amarillo 9 |
| BOTTOM OF THE 6TH |
|
Amarillo Gold Sox batting - Pitching for El Paso Chihuahuas : RHP Rick DeLoach
|
|
Batting: SHB Al Newman
|
0-0: Ball 1-0: Called Strike 1-1: Ball 2-1: Ball 3-1: Base on Balls
|
|
Batting: RHB Bill Pecota
|
0-0: Ball Wild Pitch! Al Newman to second 1-0: Ball 2-0: Ball 3-0: Base on Balls
|
|
Batting: SHB Steve Jeltz
|
0-0: Ball 1-0: Ball Wild Pitch! Al Newman to third Bill Pecota to second 2-0: Ball 3-0: Base on Balls
|
|
Batting: LHB Derwin McNealy
|
0-0: Ball 1-0: Ball 2-0: Ball 3-0: Base on Balls Al Newman scores Bill Pecota to third Steve Jeltz to second
|
|
Batting: RHB Chino Cadahia
|
0-0: Ball 1-0: Foul Ball, location: 2F 1-1: Ball 2-1: Foul Ball, location: 2F 2-2: Ball 3-2: Fly out, F4 (Popup, 34S, EV 90.0 MPH)
|
|
Batting: RHB Vic Alvarado
|
0-0: TRIPLE (Line Drive, 89XD, EV 106.3 MPH) Bill Pecota scores Steve Jeltz scores Derwin McNealy scores
|
|
Batting: RHB Todd Smith
|
0-0: Ball Wild Pitch! Vic Alvarado scores 1-0: Ground out 1-3 (Groundball, 13S, EV 68.1 MPH)
|
|
Batting: SHB Mike Felder
|
0-0: SINGLE (Line Drive, 89S, EV 88.8 MPH)
|
|
Batting: LHB Hector Arroyo
|
0-0: Called Strike Mike Felder steals 2nd base 0-1: Ball 1-1: Ball 2-1: Ball 3-1: Foul Ball, location: 2F 3-2: SINGLE (Groundball, 25, EV 74.4 MPH) (infield hit) Mike Felder to third
|
|
Pitching: RHP Manuel Adams
|
|
|
Batting: SHB Al Newman
|
0-0: Fly out, F7 (Flyball, 78M, EV 93.1 MPH)
|
| Bottom of the 6th over - 5 runs, 3 hits, 0 errors, 2 left on base; El Paso 5 - Amarillo 14 |
| TOP OF THE 7TH |
|
El Paso Chihuahuas batting - Pitching for Amarillo Gold Sox : RHP Alec Christianson
|
|
Pinch Hitting: RHB Julio Acevedo
|
0-0: Ball 1-0: SINGLE (Line Drive, 9S, EV 101.9 MPH)
|
|
Pinch Hitting: RHB Stine Poole
|
0-0: Ball Julio Acevedo steals 2nd base 1-0: Fly out, F8 (Flyball, 8LD, EV 98.8 MPH)
|
|
Batting: SHB Donnie Hill
|
0-0: Foul Ball, location: 2F 0-1: Ball 1-1: Fly out, F8 (Line Drive, 8LM, EV 85.6 MPH)
|
|
Batting: LHB Dan Murphy
|
0-0: Called Strike 0-1: Ball 1-1: Ground out 6-3 (Groundball, 6, EV 105.0 MPH)
|
| Top of the 7th over - 0 runs, 1 hit, 0 errors, 1 left on base; El Paso 5 - Amarillo 14 |
| BOTTOM OF THE 7TH |
|
Amarillo Gold Sox batting - Pitching for El Paso Chihuahuas : RHP Manuel Adams
|
|
Now at 1B: Stine Poole
|
|
|
Now in LF: Julio Acevedo
|
|
|
Batting: RHB Bill Pecota
|
0-0: Called Strike 0-1: SINGLE (Line Drive, 89M, EV 99.4 MPH)
|
|
Batting: SHB Steve Jeltz
|
0-0: Called Strike 0-1: Grounds into double play, 4-6-3 (Groundball, 4, EV 86.3 MPH)
|
|
Batting: LHB Derwin McNealy
|
0-0: Ball 1-0: Swinging Strike 1-1: Ground out 4-3 (Groundball, 4M, EV 85.6 MPH)
|
| Bottom of the 7th over - 0 runs, 1 hit, 0 errors, 0 left on base; El Paso 5 - Amarillo 14 |
| TOP OF THE 8TH |
|
El Paso Chihuahuas batting - Pitching for Amarillo Gold Sox : RHP Alec Christianson
|
|
Batting: RHB Tom Roarke
|
0-0: Swinging Strike 0-1: Ball 1-1: Reached on error, E6 (Groundball, 56, EV 83.1 MPH)
|
|
Batting: RHB Leo George
|
0-0: Ball 1-0: Called Strike 1-1: Foul Ball, location: 2F 1-2: Ball 2-2: Foul Ball, location: 2F 2-2: 2-RUN HOME RUN (Flyball, 9D, EV 99.4 MPH), Distance : 365 ft
|
|
Pinch Hitting: RHB Frederick DeVito
|
0-0: Called Strike 0-1: Ball 1-1: Ball 2-1: Foul Ball, location: 2F 2-2: SINGLE (Groundball, 6D, EV 106.3 MPH)
|
|
Batting: RHB Cliff Wherry
|
0-0: Called Strike 0-1: Ball 1-1: Foul Ball, location: 2F 1-2: Strikes out swinging
|
|
Batting: LHB Andy Van Slyke
|
0-0: Ball 1-0: Ball 2-0: Ball 3-0: Base on Balls Frederick DeVito to second
|
|
Batting: RHB Julio Acevedo
|
0-0: Foul Ball, location: 2F 0-1: Called Strike 0-2: SINGLE (Line Drive, 56D, EV 95.0 MPH) Frederick DeVito to third Andy Van Slyke to second Runner from 3rd tries for Home, SAFE, throw by LF to home
|
|
Pitching: RHP Denny Schafer
|
|
|
Batting: RHB Stine Poole
|
0-0: Called Strike 0-1: Ball 1-1: Ball 2-1: Called Strike 2-2: Ball 3-2: Strikes out swinging
|
|
Batting: SHB Donnie Hill
|
0-0: Foul Ball, location: 2F 0-1: Ball 1-1: Ball 2-1: Ball 3-1: SINGLE (Groundball, 34, EV 105.6 MPH) Andy Van Slyke to third Julio Acevedo to second Runner from 3rd tries for Home, SAFE, throw by RF to home
|
|
Batting: LHB Dan Murphy
|
0-0: Called Strike 0-1: Fly out, F8 (Line Drive, 8LD, EV 93.1 MPH)
|
| Top of the 8th over - 4 runs, 4 hits, 1 error, 2 left on base; El Paso 9 - Amarillo 14 |
| BOTTOM OF THE 8TH |
|
Amarillo Gold Sox batting - Pitching for El Paso Chihuahuas : RHP Manuel Adams
|
|
Now at 3B: Frederick DeVito
|
|
|
Batting: RHB Chino Cadahia
|
0-0: Called Strike 0-1: Foul Ball, location: 2F 0-2: Ball 1-2: Ball 2-2: Ball 3-2: Ground out 5-3 (Groundball, 56, EV 85.6 MPH)
|
|
Batting: RHB Vic Alvarado
|
0-0: Called Strike 0-1: Fly out, F4 (Popup, 4, EV 70.6 MPH)
|
|
Batting: RHB Todd Smith
|
0-0: Ball 1-0: Swinging Strike 1-1: Ball 2-1: SINGLE (Groundball, 6MD, EV 100.0 MPH)
|
|
Batting: SHB Mike Felder
|
0-0: Foul Ball, location: 2F 0-1: Ball Wild Pitch! Todd Smith to second 1-1: Foul Ball, location: 2F 1-2: Fly out, F9 (Flyball, 9D, EV 90.0 MPH)
|
| Bottom of the 8th over - 0 runs, 1 hit, 0 errors, 1 left on base; El Paso 9 - Amarillo 14 |
| TOP OF THE 9TH |
|
El Paso Chihuahuas batting - Pitching for Amarillo Gold Sox : RHP Denny Schafer
|
|
Batting: RHB Tom Roarke
|
0-0: Foul Ball, location: 2F 0-1: Ball 1-1: Fly out, F9 (Flyball, 9LS, EV 85.0 MPH)
|
|
Batting: RHB Leo George
|
0-0: Ball 1-0: Ball 2-0: Called Strike 2-1: Fly out, F8 (Flyball, 8RD, EV 105.6 MPH)
|
|
Batting: RHB Frederick DeVito
|
0-0: Called Strike 0-1: Ball 1-1: Swinging Strike 1-2: Ground out 5-3 (Groundball, 56, EV 78.8 MPH)
|
| Top of the 9th over - 0 runs, 0 hits, 0 errors, 0 left on base; El Paso 9 - Amarillo 14 |
|